 Dungeon Crawl Stone Soup version 0.29.1-15-g9cfb28693d (webtiles) character file.

Game seed: 13828948638159401151

542 Sanktem7 the Trooper (level 7, -2/64 HPs)
             Began as a Minotaur Fighter on Mar 9, 2023.
             Slain by a troll (5 damage)
             ... on level 5 of the Dungeon.
             The game lasted 00:07:18 (4191 turns).

Sanktem7 the Trooper (Minotaur Fighter)             Turns: 4191, Time: 00:07:19

Health: -2/64      AC:  7    Str: 23    XL:     7   Next: 6%
Magic:  6/6        EV:  9    Int:  5    God:
Gold:   197        SH:  4    Dex:  9    Spells: 6/6 levels left

rFire   . . .      SeeInvis .   a - +0 war axe {axe}
rCold   . . .      Faith    .   c - +0 buckler
rNeg    . . .      Spirit   .   b - +0 scale mail
rPois   .          Reflect  .   (helmet restricted)
rElec   .          Harm     .   (no cloak)
rCorr   .          Rampage  .   (no gloves)
Will    .....                   (no boots)
Stlth   ..........              (no amulet)
HPRegen 0.20/turn               (no ring)
MPRegen 0.10/turn               (no ring)

@: no status effects
A: horns 2, retaliatory headbutt
a: no special abilities


You were on level 5 of the Dungeon.
You visited 1 branch of the dungeon, and saw 5 of its levels.

You collected 197 gold pieces.


Innate Abilities, Weirdness & Mutations

You have a pair of horns on your head.
You reflexively headbutt those who attack you in melee.


   Skills:
 * Level 6.7 Fighting
 * Level 6.1 Axes
 + Level 5.3 Armour
 - Level 3.6 Shields


You had 6 spell levels left.
You didn't know any spells.
Your spell library contained the following spells:

 Spells                   Type           Power      Damage    Failure   Level
 Sandblast                Erth           0%         2d4       86%         1
 Slow                     Hex            0%         N/A       86%         1
 Passwall                 Tmut/Erth      0%         N/A       94%         2
 Confusing Touch          Hex            0%         N/A       99%         3
 Stone Arrow              Conj/Erth      0%         3d7       99%         3
 Vampiric Draining        Necr           0%         2d6       99%         3
 Olgreb's Toxic Radiance  Pois           0%         N/A       100%        4
 Ozocubu's Refrigeration  Ice            0%         4d7       100%        7
 Ignition                 Fire           0%         3d3       100%        8

Inventory:

Hand Weapons
 a - a +0 war axe (weapon) {axe}
 n - a +6 club {mace}
   (You took it off Robin on level 2 of the Dungeon)
 B - a +1 whip of venom {mace}
   (You took it off an orc priest on level 4 of the Dungeon)
Missiles
 i - 46 stones (quivered) {throwing}
 r - 14 poisoned darts {throwing}
 z - 3 boomerangs {throwing}
Armour
 b - a +0 scale mail (worn)
 c - a +0 buckler (worn)
Jewellery
 f - a ring of wizardry
   (You found it on level 1 of the Dungeon)
 D - a ring of resist corrosion
   (You found it on level 4 of the Dungeon)
Scrolls
 h - a scroll of acquirement {unknown}
 o - 6 scrolls of identify {unknown}
 p - a scroll of enchant weapon {unknown}
 q - 2 scrolls of fear {unknown}
 s - 2 scrolls of amnesia {unknown}
 t - 3 scrolls of immolation {unknown}
 u - a scroll of teleportation {unknown}
 w - a scroll of magic mapping {unknown}
 y - a scroll of enchant armour {unknown}
 C - a scroll of vulnerability {unknown}
Potions
 d - 5 potions of might
 e - 2 potions of degeneration {unknown}
 g - 2 potions of mutation {unknown}
 j - 3 potions of lignification {unknown}
 k - a potion of brilliance {unknown}
 l - 3 potions of flight {unknown}
 m - a potion of curing {unknown}
 v - 2 potions of haste {unknown}
 x - 2 potions of berserk rage {unknown}
 A - a potion of magic {unknown}
 E - a potion of heal wounds {unknown}

Dungeon Overview and Level Annotations

Branches:
Dungeon (5/15) Zot: 25732  Temple (0/1) D:4

Altars:
Yredelemnul

Shops:
D:2

?
###.####.##.###.##.....#.
#[#..............#####.#
###.†###.##.###........
....## #.##.# #..#####.
##.## #.##.# #..#
#..#####.##.# #!.###
...)........# #...^#
#######...#####..#.#.#!.
# ....?..).@....... #
.#####..T.##.#. # #.#..#
.. # ....... . #
##.#z.... . #. .z.#... ##
#. ....... ## ...####


You could see a troll and 2 wights.


Message History

You take 8 damage, and now have 47/58 hp.
You barely miss the hound. You hit the bullfrog but do no damage.
The hound barely misses you.
The bullfrog snags a nearby blue-tailed skink with its tongue.
The bullfrog hits you. The hound bites you. 😮 HP[-8]
You take 8 damage, and now have 39/58 hp.
You are too injured to fight recklessly!
You are too injured to fight recklessly!
You are too injured to fight recklessly!
You are too injured to fight recklessly!
You are too injured to fight recklessly!
You are too injured to fight recklessly!
Unknown command.
You completely miss the bullfrog. You barely miss the hound.
You block the bullfrog's attack. The hound bites you but does no damage.
The bullfrog hits you. The hound bites you. 😮 HP[-8]
You take 8 damage, and now have 31/58 hp.
You closely miss the bullfrog. Your headbutt misses the bullfrog.
You barely miss the hound. The bullfrog barely misses you.
You block the hound's attack.
The bullfrog hits you but does no damage.
The hound bites you.
* * * LOW HITPOINT WARNING * * *
😨 HP[-2]
You take 2 damage, and now have 29/58 hp.
You closely miss the bullfrog. You hit the hound.
You kill the hound!
The bullfrog hits you.
* * * LOW HITPOINT WARNING * * *
The bullfrog hits you.
* * * LOW HITPOINT WARNING * * *
Your Axes skill increases to level 6! 😨 HP[-5]
You take 5 damage, and now have 24/58 hp.
You closely miss the bullfrog.
The bullfrog hits you but does no damage.
The bullfrog completely misses you. You furiously retaliate!
You headbutt the bullfrog! 😨 HP[+1]
You hit the bullfrog. You headbutt the bullfrog!
You kill the bullfrog!
You have reached level 7! 😨 HP[+2] MP[+1]
You now have 64 max hp (+6).
You regained 2 hp, and now have 27/64 hp.
Your mp is fully restored (6).
Key pressed, stopping explore.
Key pressed, stopping explore.
E - a fuming coppery potion 😎 HP[+37]
Your hp is fully restored (64).
A troll comes into view.
The troll shouts!
You see here a smoky cyan potion.
A troll is nearby!
The troll bites you but does no damage. The troll claws you.
The troll claws you but does no damage. 😕 HP[-1]
You take 1 damage, and now have 63/64 hp.
You hit the troll but do no damage. You headbutt the troll!
A wight comes into view.
It is wielding a +2 short sword of freezing.
The troll closely misses you. The troll barely misses you.
The troll claws you. 😕 HP[-3]
You take 3 damage, and now have 60/64 hp.
You hit the troll. You headbutt the troll. The troll bites you!
The troll barely misses you. x2; The wight throws a stone.
The stone barely misses you. You block the troll's attack. x2
The troll claws you but does no damage. 😕 HP[-8]
You take 8 damage, and now have 52/64 hp.
You closely miss the troll.
The wight throws a stone.
The stone closely misses you. You block the troll's attack.
The troll claws you! The troll claws you.
A wight comes into view. It is wielding a +0 dagger.
You are too injured to fight recklessly! 😮 HP[-15]
You take 15 damage, and now have 37/64 hp.
MASSIVE DAMAGE!! (PAUSE)
You barely miss the troll. You headbutt the troll. The troll bites you.
* * * LOW HITPOINT WARNING * * *
The troll claws you.
* * * LOW HITPOINT WARNING * * *
The troll claws you!
* * * LOW HITPOINT WARNING * * *
😱 HP[-23]
You take 23 damage, and now have 14/64 hp.
MASSIVE DAMAGE!! (PAUSE)
You slash the troll!
The wight throws a stone.
The stone barely misses you. The troll bites you.
* * * LOW HITPOINT WARNING * * *
The troll closely misses you.
The troll claws you but does no damage. 😱 HP[-6]
You take 6 damage, and now have 8/64 hp.
You closely miss the troll. The troll closely misses you.
You block the troll's attack. The troll claws you.
* * * LOW HITPOINT WARNING * * *
The troll barely misses you. The troll claws you.
You die...

Skill      XL: |  1  2  3  4  5  6 |
---------------+-------------------+-----
Fighting       | 4 5 6 |  6.7
Axes           | 3 4 5 6 |  6.1
Armour         | 4 5 |  5.3
Shields        | |  3.6

Action                   |  1- 3 |  4- 6 |  7- 9 || total
-------------------------+-------+-------+-------++-------
Melee: War axe           |   101 |   108 |     6 ||   215
       Headbutt          |     9 |    14 |     3 ||    26
Armor: Scale mail        |    67 |    59 |     4 ||   130
Dodge: Dodged            |    58 |    60 |    10 ||   128
Block: Buckler           |    13 |    35 |     4 ||    52

Levels and vault maps discovered:
D:1:      shiori_arrival_whats_in_store_for_you, layout_loops_corners,
          serial_forest, infiniplex_forest_clump_double,
          infiniplex_forest_diagonal, infiniplex_forest_lined_4_way,
          infiniplex_forest_straight_2, infiniplex_forest_straight_2,
          infiniplex_forest_corner_1, infiniplex_forest_diagonal,
          palyth_stone_intersect, minmay_small_reverse_x
D:2:      layout_loops_ring, serial_shops, nicolae_shop_hallway_plus, uniq_robin
D:3:      layout_loops_ring, mainiacjoe_overflow_chevrons,
          hellmonk_ecumenical_altar_lost_god, serial_bayou_lagoon_a
D:4:      layout_cave_pools, minmay_temple_entry_grid, roderic_batcave,
          ebering_dispersal_statue_hall
D:5:      layout_loops_ring, nicolae_qazlal_general_emergency, minivault_11,
          item_on_display_a, uniq_blork_the_orc

Notes
Turn   | Place    | Note
-------+----------+-------------------------------------------
     0 | D:1      | Sanktem7 the Minotaur Fighter began the quest for the Orb.
     0 | D:1      | Reached XP level 1. HP: 19/19 MP: 0/0
     0 | D:1      | magus.rc [v1.9.6]
     6 | D:1      | Noticed a demonspawn zombie
   243 | D:1      | Reached XP level 2. HP: 25/27 MP: 1/1
   282 | D:1      | Reached skill level 4 in Fighting
   305 | D:1      | Reached skill level 3 in Axes
   615 | D:1      | Reached XP level 3. HP: 30/33 MP: 2/2
   683 | D:1      | Reached skill level 4 in Armour
  1005 | D:1      | magus.rc [v1.9.6]
  1371 | D:2      | Noticed Robin
  1382 | D:2      | HP: 6/34 [goblin/+0 club[Robin] (6)]
  1383 | D:2      | Reached XP level 4. HP: 7/41 MP: 3/3
  1383 | D:2      | Killed Robin
  1766 | D:2      | Found Zesu's Magic Scroll Boutique.
  1797 | D:2      | Reached skill level 4 in Axes
  1987 | D:3      | Found a faded altar of an unknown god.
  1994 | D:3      | Reached skill level 5 in Fighting
  1999 | D:3      | Reached XP level 5. HP: 17/48 MP: 4/4
  2204 | D:3      | You pick up a book of Geomancy and begin reading...
  2204 | D:3      | You add the spells Sandblast, Passwall and Stone Arrow to
                  | your library.
  2212 | D:3      | You add the spells Olgreb's Toxic Radiance, Ozocubu's
                  | Refrigeration and Ignition to your library.
  2311 | D:3      | You pick up a book of Debilitation and begin reading...
  2311 | D:3      | You add the spells Slow, Vampiric Draining and Confusing
                  | Touch to your library.
  2723 | D:3      | Found a basalt altar of Yredelemnul.
  3327 | D:4      | Reached skill level 5 in Axes
  3354 | D:4      | Reached XP level 6. HP: 55/57 MP: 5/5
  3404 | D:4      | Reached skill level 6 in Fighting
  3410 | D:4      | Reached skill level 5 in Armour
  3575 | D:4      | Found a staircase to the Ecumenical Temple.
  3946 | D:5      | Entered Level 5 of the Dungeon
  3966 | D:5      | Reached skill level 6 in Axes
  3968 | D:5      | Reached XP level 7. HP: 27/64 MP: 6/6
  4182 | D:5      | Noticed a troll
  4189 | D:5      | HP: 14/64 [troll (12)]
  4191 | D:5      | HP: 3/64 [troll (6)]
  4191 | D:5      | Slain by a troll

Vanquished Creatures
  A bullfrog (D:5)
  A scorpion (D:4)
  2 vampire bats (D:4)
  A hound (D:5)
  A jelly (D:3)
  2 orc priests (D:4)
  Robin (D:2)
  3 adders
  4 gnolls (D:3)
  2 worms (D:2)
  4 dart slugs
  13 orcs
  7 ball pythons
  8 endoplasms
  2 giant cockroaches (D:4)
  14 goblins
  13 hobgoblins
  4 quokkas
  17 bats
  4 frilled lizards
  9 kobolds
  9 rats
122 creatures vanquished.

Table legend:
 A = Non-vault XP
 B = Vault XP
 C = Vault XP percentage of total XP
 D = Non-vault monster count
 E = Vault monster count
 F = Vault count percentage of total count
                 A         B        C        D         E       F
            +---------+---------+-------+---------+---------+-------
      Total |     612 |     163 |  21.0 |     100 |      22 |  18.0
            +---------+---------+-------+---------+---------+-------
        D:1 |      45 |       7 |  13.5 |      28 |       4 |  12.5
        D:2 |      46 |      36 |  43.9 |      23 |      11 |  32.4
        D:3 |     143 |       0 |   0.0 |      21 |       0 |   0.0
        D:4 |     242 |     120 |  33.1 |      25 |       7 |  21.9
        D:5 |     136 |       0 |   0.0 |       3 |       0 |   0.0
            +---------+---------+-------+---------+---------+-------

Illustrated notes

Table legend:
 A = Kills in this place as a percentage of kills in entire the game.
 B = Kills by you in this place as a percentage of kills by you in the entire game.
 C = Kills by friends in this place as a percentage of kills by friends in the entire game.
 D = Other kills in this place as a percentage of other kills in the entire game.
 E = Experience gained in this place as a percentage of experience gained in the entire game.
 F = Experience gained in this place divided by the number of levels of this place that you have seen.
                   A       B       C       D       E      F
               +-------+-------+-------+-------+-------+----------------------
         Total | 100.0 | 100.0 |   N/A |   N/A | 100.0 | 155.0
       Dungeon | 100.0 | 100.0 |   N/A |   N/A | 100.0 | 155.0
               +-------+-------+-------+-------+-------+----------------------

Table legend: (Time is in decaauts)
 A = Elapsed time spent in this place.
 B = Non-inter-level travel time spent in this place.
 C = Inter-level travel time spent in this place.
 D = Time resting spent in this place.
 E = Time spent auto-exploring this place.
 F = Levels seen in this place.
 G = Mean time per level.
                   A        B        C        D        E       F      G
               +--------+--------+--------+--------+--------+-----+--------+
         Total |   4266 |   4090 |    176 |      0 |   3516 |   5 |  853.2 |
       Dungeon |   4266 |   4090 |    176 |      0 |   3516 |   5 |  853.2 |
               +--------+--------+--------+--------+--------+-----+--------+

Top non-repeatable levels by time:
     D:3: 1100 daAuts
     D:1: 1029 daAuts
     D:2: 994 daAuts
     D:4: 893 daAuts
     D:5: 248 daAuts
